 Dungeon Sprint DCSS version 0.22.1-1-ga44c0e56f4 (webtiles) character file.

1709 KleinerIrrer the Black Belt (level 9, -8/61 HPs)
             Began as an Octopode Monk on Nov 2, 2018.
             Was an Elder of Dithmenos.
             Mangled by Erolcha
             ... wielding a +0 giant club
              (26 damage)
             ... in the Dungeon (Sprint III: "The Ten Rune Challenge").
             The game lasted 00:04:12 (1497 turns).

KleinerIrrer the Black Belt (Octopode Monk)         Turns: 1497, Time: 00:04:14

Health: -8/61      AC:  3    Str: 10    XL:     9   Next: 3%
Magic:  9/9        EV: 16    Int: 13    God:    Dithmenos [****..]
Gold:   33         SH:  0    Dex: 17    Spells: 8/8 levels left

rFire    . . .     SeeInvis .     - Unarmed
rCold    . . .     Gourm    .   (no shield)
rNeg     . . .     Faith    .   (helmet restricted)
rPois    .         Spirit   .   (no amulet)
rElec    .         Reflect  .   (no ring)
rCorr    .         Harm     .   (no ring)
MR       .....     NoTele   +   (no ring)
Stlth    +++++.....             (no ring)
HPRegen  0.20/turn              (no ring)
MPRegen  0.11/turn              (no ring)
                                (no ring)
                                (no ring)

@: wreathed by umbra
A: almost no armour, stealthy swim, amphibious, 8 rings, constrict 8, thin
metallic scales 1, camouflage 1, gelatinous body 1, MP-powered wands
a: Shadow Step, Renounce Religion


You were in the Dungeon.
You worshipped Dithmenos.
Dithmenos was greatly pleased with you.
You were not hungry.

You visited 1 branch You collected 33 gold pieces.

Inventory:

Scrolls
 g - a scroll of blinking
 h - 3 scrolls of holy word {unknown}
 i - a scroll of identify {unknown}
 j - a scroll of random uselessness {unknown}
 m - 3 scrolls of remove curse
Potions
 b - a potion of curing
 c - 2 potions of heal wounds
 d - a potion of haste
 e - 2 potions of magic
 f - 2 potions of berserk rage
 k - 2 potions of flight {unknown}
 l - 3 potions of mutation
Miscellaneous
 o - a fan of gales
Comestibles
 a - 4 rations


   Skills:
 + Level 5.2 Fighting
 * Level 5.3 Dodging
 - Level 2.6 Stealth
 + Level 17.5 Unarmed Combat


You had 8 spell levels left.
You didn't know any spells.
Your spell library was empty.

Dungeon Overview and Level Annotations

Branches:
Dungeon (1/1)

Altars:
Cheibriados
Dithmenos
Elyvilon
Fedhas
Gozag
Hepliaklqana
Kikubaaqudgha
Makhleb
Nemelex Xobeh
Okawaru
Qazlal
Ru
Sif Muna
Trog
Uskayaw
Vehumet
Wu Jian
Xom
Yredelemnul
Zin
The Shining One
Beogh
Jiyva
Lugonu

Annotations:
D Erolcha


Innate Abilities, Weirdness & Mutations

You cannot wear most types of armour.
You are very stealthy in the water. (Stealth+)
You are amphibious.
You can wear up to eight rings at the same time.
You can use your tentacles to constrict eight enemies at once.
Your skin changes colour to match your surroundings (Stealth+).
Your rubbery body absorbs attacks. (AC +1, EV +1)
You are partially covered in thin metallic scales. (AC +2)
You expend magic power (3 MP) to strengthen your wands.


Message History

You feel agile.
Things that are here:
a dire flail; a giant club There isn't anything to butcher here.
You start resting.
Eating one of 2 chunks of flesh.
You eat one of the 2 chunks of flesh.
This raw flesh tastes terrible.
All of the chunks of flesh in your inventory have rotted away.
HP restored.
A two-headed ogre and Erolcha come into view.
Erolcha shouts!
Erolcha hits you with a giant club!! The two-headed ogre barely misses you.
The two-headed ogre hits you with an enchanted dire flail.
You tentacle-slap Erolcha. You tentacle-slap Erolcha!
Erolcha is moderately wounded.
Your shadow hits Erolcha! The two-headed ogre barely misses you.
The two-headed ogre hits you with an enchanted dire flail!
* * * LOW HITPOINT WARNING * * *
Erolcha hits you with a giant club!!
You die...

#._# #)## ...# ...#
##'#
...#+##############
...#....#)#)#)....#
...##.#..#.##.###.#
...'##.#.#.##.#O@##
...#)..#..#..##.O+
▓▓▓▓▓▓▓▓▓▓▓▓▓▓▓▓▓#


You could see a two-headed ogre and Erolcha.

Vanquished Creatures
  A deep elf mage (D)
  A shadow (D)
  A spatial vortex (D)
  A necrophage (D)
  4 two-headed ogres (D)
  A water elemental (D)
  A jelly (D)
  Crazy Yiuf (D)
  A wizard (D)
  Jessica (D)
  A necromancer (D)
  3 humans (D)
  A kobold demonologist (D)
  An ooze (D)
  2 rats (D)
21 creatures vanquished.

Vanquished Creatures (others)
  2 draconian scorchers (D)
  2 yaktaurs (D)
  6 hellions (D)
10 creatures vanquished.

Grand Total: 31 creatures vanquished

Notes
Turn   | Place    | Note
-------+----------+-------------------------------------------
     0 | D        | KleinerIrrer the Octopode Monk began the quest for the Orb.
     0 | D        | Reached XP level 1. HP: 16/16 MP: 1/1
    14 | D        | Reached skill level 4 in Unarmed Combat
    32 | D        | Noticed Jessica
    39 | D        | Killed Jessica
    39 | D        | Reached skill level 6 in Unarmed Combat
    39 | D        | Reached XP level 2. HP: 21/21 MP: 2/2
    39 | D        | Reached XP level 3. HP: 26/26 MP: 3/3
    53 | D        | Noticed Crazy Yiuf
    64 | D        | Reached skill level 7 in Unarmed Combat
    86 | D        | Killed a hellion
    87 | D        | Killed a hellion
   112 | D        | Killed a hellion
   114 | D        | Killed a hellion
   178 | D        | Killed Crazy Yiuf
   178 | D        | Reached skill level 8 in Unarmed Combat
   178 | D        | Reached XP level 4. HP: 19/31 MP: 4/4
   179 | D        | Killed a hellion
   181 | D        | Killed a white draconian scorcher
   239 | D        | Killed a hellion
   250 | D        | Killed a white draconian scorcher
   459 | D        | Gained mutation: You are clumsy. (Dex -2) [potion of
                  | mutation]
   459 | D        | Gained mutation: You are very clumsy. (Dex -4) [potion of
                  | mutation]
   459 | D        | Gained mutation: You expend magic power (3 MP) to
                  | strengthen your wands. [potion of mutation]
   459 | D        | Gained mutation: Your spells are a little harder to cast,
                  | but a little more powerful. [potion of mutation]
   460 | D        | Lost mutation: Your spells are a little harder to cast, but
                  | a little more powerful. [potion of mutation]
   460 | D        | Lost mutation: You are very clumsy. (Dex -4) [potion of
                  | mutation]
   460 | D        | Lost mutation: You expend magic power (3 MP) to strengthen
                  | your wands. [potion of mutation]
   460 | D        | Lost mutation: You are clumsy. (Dex -2) [potion of
                  | mutation]
   460 | D        | Gained mutation: Scrolls take you a little longer to read.
                  | [potion of mutation]
   460 | D        | Lost mutation: Scrolls take you a little longer to read.
                  | [potion of mutation]
   460 | D        | Gained mutation: You are partially covered in iridescent
                  | scales. (AC +2) [potion of mutation]
   460 | D        | Gained mutation: You expend magic power (3 MP) to
                  | strengthen your wands. [potion of mutation]
   461 | D        | Lost mutation: You expend magic power (3 MP) to strengthen
                  | your wands. [potion of mutation]
   461 | D        | Lost mutation: You are partially covered in iridescent
                  | scales. (AC +2) [potion of mutation]
   461 | D        | Gained mutation: You are robust. (+10% HP) [potion of
                  | mutation]
   461 | D        | Lost mutation: You are robust. (+10% HP) [potion of
                  | mutation]
   461 | D        | Gained mutation: You are partially covered in thin metallic
                  | scales. (AC +2) [potion of mutation]
   461 | D        | Gained mutation: You expend magic power (3 MP) to
                  | strengthen your wands. [potion of mutation]
   466 | D        | Noticed a water elemental
   473 | D        | Killed a water elemental
   473 | D        | Reached skill level 10 in Unarmed Combat
   473 | D        | Reached XP level 5. HP: 18/36 MP: 5/5
   630 | D        | Found a basalt altar of Yredelemnul.
   630 | D        | Found a shadowy altar of Dithmenos.
   630 | D        | Found a sacrificial altar of Ru.
   630 | D        | Noticed a necrophage
   637 | D        | Killed a necrophage
   637 | D        | Reached skill level 12 in Unarmed Combat
   637 | D        | Reached XP level 6. HP: 38/42 MP: 6/6
   642 | D        | Became a worshipper of Dithmenos the Shadowed
   642 | D        | Reached * piety under Dithmenos
   642 | D        | Reached ** piety under Dithmenos
   647 | D        | Killed a yaktaur
   648 | D        | Found a hide-covered altar of Uskayaw.
   648 | D        | Found an iron altar of Okawaru.
   649 | D        | Found a roughly hewn altar of Beogh.
   649 | D        | Found a bloodstained altar of Trog.
   649 | D        | Found an ornate altar of the Wu Jian Council.
   649 | D        | Noticed a human
   649 | D        | Noticed a human
   653 | D        | Killed a human
   653 | D        | Reached skill level 13 in Unarmed Combat
   657 | D        | Killed a human
   657 | D        | Reached skill level 14 in Unarmed Combat
   657 | D        | Reached XP level 7. HP: 11/46 MP: 7/7
   731 | D        | Killed a yaktaur
   890 | D        | Found a glowing silver altar of Zin.
   891 | D        | Found a glowing golden altar of the Shining One.
   891 | D        | Found a white marble altar of Elyvilon.
   891 | D        | Noticed a deep elf mage
   895 | D        | Killed a deep elf mage
   895 | D        | Reached skill level 16 in Unarmed Combat
   895 | D        | Reached XP level 8. HP: 46/52 MP: 8/8
   932 | D        | Found a radiant altar of Vehumet.
   933 | D        | Found a deep blue altar of Sif Muna.
   933 | D        | Found an ancient bone altar of Kikubaaqudgha.
   934 | D        | Reached *** piety under Dithmenos
   949 | D        | Noticed a shadow
   952 | D        | Killed a shadow
   960 | D        | Found a blossoming altar of Fedhas.
   960 | D        | Found a stormy altar of Qazlal.
   961 | D        | Found a snail-covered altar of Cheibriados.
   961 | D        | Found a burning altar of Makhleb.
   961 | D        | Found a hazy altar of Hepliaklqana.
   961 | D        | Found a shimmering altar of Xom.
   961 | D        | Found an opulent altar of Gozag.
   961 | D        | Found a sparkling altar of Nemelex Xobeh.
   961 | D        | Found a corrupted altar of Lugonu.
   961 | D        | Found a viscous altar of Jiyva.
  1106 | D        | Reached **** piety under Dithmenos
  1178 | D        | Reached skill level 17 in Unarmed Combat
  1316 | D        | Noticed a two-headed ogre
  1325 | D        | Killed a two-headed ogre
  1325 | D        | Reached skill level 5 in Fighting
  1325 | D        | Reached skill level 5 in Dodging
  1325 | D        | Reached XP level 9. HP: 28/61 MP: 9/9
  1495 | D        | Noticed a two-headed ogre
  1495 | D        | Noticed Erolcha
  1497 | D        | Mangled by Erolcha

Skill      XL: |  1  2  3  4  5  6  7  8 |
---------------+-------------------------+-----
Unarmed Combat | 6 8 10 12 14 16 17 | 17.5
Fighting       | 5 |  5.2
Dodging        | 5 |  5.3
Stealth        | |  2.6

Action                   |  1- 3 |  4- 6 |  7- 9 || total
-------------------------+-------+-------+-------++-------
Melee: Unarmed           |    22 |    18 |    34 ||    74
       Tentacles         |     4 |     4 |     9 ||    17
       Constrict         |     4 |     4 |     1 ||     9
       Punch             |     1 |     3 |    11 ||    15
  Use: Potion            |       |     3 |       ||     3
 Stab: Sleeping          |     2 |       |     7 ||     9
  Eat: Chunk             |       |       |     2 ||     2
Armor: Skin              |       |     1 |       ||     1
Dodge: Dodged            |    11 |     8 |    16 ||    35
